 Dungeon Crawl Stone Soup version 0.21.0 (webtiles) character file.

49341 beanieboyaka the Warrior (level 14, -5/207 HPs)
             Began as a Minotaur Berserker on Jan 8, 2018.
             Was an Elder of Trog.
             Slain by a black mamba (10 damage)
             ... on level 1 of the Snake Pit.
             The game lasted 01:00:10 (18318 turns).

beanieboyaka the Warrior (Minotaur Berserker)      Turns: 18318, Time: 01:00:11

Health: -5/207     AC: 16    Str: 35    XL:     14   Next: 15%
Magic:  13/13      EV: 11    Int:  4    God:    Trog [****..]
Gold:   1058       SH:  5    Dex: 11    Spells: 13/13 levels left

rFire    . . .     SeeInvis .   q - +4 mace (crush)
rCold    . . .     Gourm    .   r - +0 buckler
rNeg     . . .     Faith    .   k - +0 chain mail
rPois    +         Spirit   .   (helmet restricted)
rElec    .         Reflect  .   T - scarf {cloud immunity}
rCorr    .         Harm     .   U - +0 pair of gloves
MR       +++..                  n - +1 pair of boots
Stlth    ..........             (no amulet)
HPRegen  1.44/turn              A - ring of poison resistance
MPRegen  0.13/turn              f - +4 ring of strength

@: berserking (expiring), regenerating, constricted, very quick
A: retaliatory headbutt, horns 2
a: Berserk, Trog's Hand, Brothers in Arms, Burn Spellbooks, Renounce Religion


You were on level 1 of the Snake Pit.
You worshipped Trog.
Trog was greatly pleased with you.
You were not hungry.

You visited 3 branches of the dungeon, and saw 17 of its levels.
You also visited: Ossuary.

You collected 1399 gold pieces.
You spent 341 gold pieces at shops.

Inventory:

Hand Weapons
 b - the +3 glaive of Painful Death {antimagic, rElec Str+3}
   (You found it on level 6 of the Lair of Beasts)

   It reduces the magical energy of the wielder, and disrupts the spells and
   magical abilities of those hit.
   Natural abilities and divine invocations are not affected.
   It affects your strength (+3).
   It insulates you from electricity.
 q - a +4 mace of crushing (weapon)
 J - a +0 hunting sling
 L - a +1 trident of protection
Missiles
 m - 210 sling bullets (quivered)
Armour
 k - a +0 chain mail (worn)
 n - a +1 pair of boots (worn)
 r - a +0 buckler (worn)
 T - a scarf of cloud immunity (worn)
 U - a +0 pair of gloves (worn)
Jewellery
 f - a +4 ring of strength (right hand)
 A - a ring of poison resistance (left hand)
Scrolls
 a - 2 scrolls of vulnerability {unknown}
 c - 2 scrolls of immolation {unknown}
 g - a scroll of identify
 h - 4 scrolls of enchant weapon
 o - 10 scrolls of remove curse
 u - 8 scrolls of teleportation
 v - a scroll of holy word {unknown}
 D - 3 scrolls of noise
 F - 3 scrolls of magic mapping
 H - a scroll of acquirement {unknown}
 I - a scroll of fear
 S - a scroll of enchant armour {unknown}
Potions
 d - 4 potions of lignification {unknown}
 e - a potion of heal wounds
 j - 9 potions of curing
 s - 3 potions of haste {unknown}
 t - 2 potions of ambrosia {unknown}
 w - 2 potions of flight {unknown}
 z - a potion of might {unknown}
 B - a potion of brilliance {unknown}
 E - 3 potions of degeneration {unknown}
 Q - a potion of mutation {unknown}
 Y - a potion of resistance {unknown}
Miscellaneous
 l - a lightning rod (4/4)
 x - a lightning rod (4/4)
 W - a crystal ball of energy


   Skills:
 * Level 16.7 Fighting
   Level 6.0(11.7) Axes
 + Level 15.0(15.4) Maces & Flails
 - Level 2.1(4.3) Polearms
 - Level 3.9 Slings
 - Level 11.6 Armour
 - Level 10.0 Dodging
 - Level 0.1 Stealth
 - Level 7.1 Shields


You had 13 spell levels left.
You didn't know any spells.

Dungeon Overview and Level Annotations

Branches:
Dungeon (10/15)            Temple (0/1) D:6            Lair (6/6) D:10
 Shoals (0/4) Lair:4        Snake (1/4) Lair:2        Slime (0/5) Lair:6
    Orc (0/2) D:10

Altars:
Ashenzari
Cheibriados
Elyvilon
Fedhas
Hepliaklqana
Kikubaaqudgha
Nemelex Xobeh
Okawaru
Qazlal
Ru
Uskayaw
Yredelemnul
Jiyva

Shops:
D:4 !}?[?   D:10 (

Annotations:
Lair:1 Sonja
Lair:5 exclusion: oklob plant


Innate Abilities, Weirdness & Mutations

You reflexively headbutt those who attack you in melee.
You have a pair of horns on your head.


Message History

The naga sharpshooter mumbles some strange words.
The naga sharpshooter magically shoots an arrow.
The arrow hits you.
* * * LOW HITPOINT WARNING * * *
You closely miss the black mamba. Your headbutt misses the black mamba.
The black mamba is almost dead.
The black mamba bites you but does no damage.
The anaconda bites you.
* * * LOW HITPOINT WARNING * * *
The anaconda constricts you.
The naga mage gestures wildly while chanting.
The naga mage seems to speed up.
The black mamba bites you but does no damage.
The anaconda closely misses you. You furiously retaliate!
You headbutt the anaconda, but do no damage.
You are too berserk!
You miss the black mamba.
The black mamba is almost dead.
The black mamba bites you!
You die...

##..#....
#######...#....
#..............
#..............
.........#N....
......#SSSN.#..
#....SSS#.....
#...NS@###....
#...#S##8##.#.
.....SNS###>...
......NNN#.....
.##...#.....#..
#......#.....
##...........
##..........


You could see a naga sharpshooter, 2 salamanders, 2 anacondas, 2 shock serpents,
a mana viper, a guardian serpent, 4 black mambas, 2 naga magi and 2 nagas.

Vanquished Creatures
  2 hydras
  A naga warrior (Snake:1)
  3 catoblepae (Lair:6)
  5 death yaks (Lair:6)
  A shock serpent (Snake:1)
  An unseen horror (D:10)
  Joseph (D:9)
  2 manticores (Lair:6)
  4 merfolk sirens (Lair:4)
  14 elephants
  6 black mambas
  Maurice (D:9)
  A torpor snail (Lair:5)
  A centaur skeleton (D:10)
  A molten gargoyle (Lair:1)
  7 spiny frogs
  4 rime drakes
  13 komodo dragons
  A troll (D:10)
  Prince Ribbit (D:7)
  14 blink frogs
  2 hippogriffs
  3 dream sheep (Lair:6)
  2 wyverns
  44 yaks
  A wraith (D:10)
  2 basilisks (Lair:2)
  Eustachio (D:6)
  2 hungry ghosts
  Menkaure (D:5)
  A naga (Snake:1)
  15 water moccasins
  10 porcupines
  7 orc warriors
  4 sky beasts
  8 ice beasts
  A black bear (D:10)
  4 centaurs
  5 wolves (Lair:5)
  8 ogres
  The ghost of BrokenGlass the Insei, an amateur OpFi (D:3)
  27 crocodiles
  Blork the orc (D:4)
  3 big kobolds
  12 bullfrogs
  4 gnoll sergeants
  4 scorpions
  6 killer bees (D:9)
  A vampire bat (D:5)
  4 wights (D:7)
  2 electric eels
  A howler monkey (D:5)
  2 crimson imps (D:7)
  A centaur zombie (Ossuary)
  6 hounds
  2 jellies
  5 orc wizards (D:9)
  A bullfrog zombie (Ossuary)
  An orc priest (D:8)
  4 bullfrog skeletons
  12 mummies (Ossuary)
  A gnoll shaman (D:8)
  5 iguanas
  3 worker ants
  A hound zombie (D:8)
  A hound skeleton (D:2)
  2 worker ant zombies (Ossuary)
  17 gnolls
  17 adders
  An ooze (D:1)
  2 adder zombies (Ossuary)
  4 worms
  4 dart slugs
  11 leopard geckos
  19 orcs
  6 ball pythons
  A bat skeleton (D:5)
  4 bat zombies (D:5)
  8 giant cockroaches
  9 hobgoblins
  14 jackals
  12 kobolds
  3 quokkas
  12 bats
  16 frilled lizards
  8 goblins
  A jackal skeleton (D:5)
  2 jackal zombies
  A leopard gecko skeleton (D:2)
  A leopard gecko zombie (D:2)
  A quokka skeleton (D:6)
  A quokka zombie (Ossuary)
  13 rats
  A fungus (Lair:5)
507 creatures vanquished.

Vanquished Creatures (collateral kills)
  A hydra (Lair:1)
  2 elephants (Lair:6)
  A kobold demonologist (D:9)
  2 blink frogs (Lair:4)
  3 dream sheep (Lair:6)
  8 big kobolds (D:9)
  A crimson imp (D:9)
  A kobold (D:9)
19 creatures vanquished.

Vanquished Creatures (others)
  A spiny frog (Lair:6)
  A frilled lizard (Lair:3)
  A fire vortex (Lair:1)
  2 fungi
  6 plants
  4 withered plants (Ossuary)
15 creatures vanquished.

Grand Total: 541 creatures vanquished

Notes
Turn   | Place    | Note
-------+----------+-------------------------------------------
     0 | D:1      | beanieboyaka the Minotaur Berserker began the quest for the Orb.
     0 | D:1      | Reached XP level 1. HP: 19/19 MP: 0/0
   444 | D:1      | Reached XP level 2. HP: 27/27 MP: 1/1
   458 | D:1      | Reached skill level 4 in Fighting
   693 | D:1      | Reached ** piety under Trog
   742 | D:1      | Reached XP level 3. HP: 31/33 MP: 2/2
  1290 | D:2      | Reached XP level 4. HP: 41/41 MP: 3/3
  1339 | D:2      | Reached *** piety under Trog
  1522 | D:2      | Reached skill level 5 in Axes
  2123 | D:3      | Reached XP level 5. HP: 47/47 MP: 4/4
  2222 | D:3      | Noticed BrokenGlass's ghost (amateur OpFi)
  2235 | D:3      | Killed BrokenGlass's ghost
  2235 | D:3      | Reached skill level 5 in Fighting
  2342 | D:3      | Found a hazy altar of Hepliaklqana.
  2350 | D:3      | Noticed a hungry ghost
  2457 | D:4      | Noticed a hand axe
  2458 | D:4      | Found a hide-covered altar of Uskayaw.
  2459 | D:4      | Noticed a dagger
  2525 | D:4      | Found Meklyodd's Magic Scroll Emporium.
  2533 | D:4      | Bought a scroll of identify for 20 gold pieces
  2533 | D:4      | Bought a scroll of identify for 20 gold pieces
  2533 | D:4      | Bought a scroll of identify for 20 gold pieces
  2533 | D:4      | Bought a scroll of enchant weapon for 75 gold pieces
  2581 | D:4      | Found a white marble altar of Elyvilon.
  2671 | D:4      | Reached XP level 6. HP: 56/56 MP: 5/5
  2702 | D:4      | Reached skill level 1 in Polearms
  2714 | D:4      | Found Vegey's Gadget Emporium.
  2815 | D:4      | Found Sizixig's Distillery.
  2820 | D:4      | Bought 2 potions of curing for 84 gold pieces
  2820 | D:4      | Bought a potion of heal wounds for 70 gold pieces
  2848 | D:4      | Found Niexiu's Armour Boutique.
  2973 | D:4      | Found Doxuvut's Magic Scroll Shoppe.
  2979 | D:4      | Bought a scroll of identify for 26 gold pieces
  2979 | D:4      | Bought a scroll of identify for 26 gold pieces
  3091 | D:4      | Noticed Blork the orc
  3098 | D:4      | Killed Blork the orc
  3177 | D:4      | Found a sparkling altar of Nemelex Xobeh.
  3193 | D:5      | Entered Level 5 of the Dungeon
  3221 | D:5      | Noticed Menkaure
  3224 | D:5      | Killed Menkaure
  3309 | D:5      | Reached **** piety under Trog
  3309 | D:5      | Reached skill level 6 in Fighting
  3309 | D:5      | Reached XP level 7. HP: 58/63 MP: 6/6
  3318 | D:5      | Found an ancient bone altar of Kikubaaqudgha.
  4120 | D:5      | Reached skill level 5 in Maces & Flails
  4337 | D:6      | Found a basalt altar of Yredelemnul.
  4379 | D:6      | Noticed Eustachio
  4466 | D:5      | Received a gift from Trog
  4512 | D:5      | Reached XP level 8. HP: 56/71 MP: 7/7
  4595 | D:6      | Killed Eustachio
  4601 | D:6      | Found a staircase to the Ecumenical Temple.
  4609 | D:6      | Reached skill level 7 in Fighting
  4785 | D:6      | Found a blossoming altar of Fedhas.
  4820 | D:7      | Reached skill level 5 in Armour
  4836 | D:7      | Found a sand-covered staircase.
  4858 | D:7      | Noticed Prince Ribbit
  4884 | D:7      | Reached XP level 9. HP: 47/79 MP: 8/8
  4913 | Ossuary  | Entered an ossuary
  5496 | D:7      | Killed Prince Ribbit
  5496 | D:7      | Reached skill level 10 in Armour
  5733 | D:7      | Found a sacrificial altar of Ru.
  5946 | D:8      | Found a stormy altar of Qazlal.
  6309 | D:8      | Found a blossoming altar of Fedhas.
  6309 | D:8      | Found a snail-covered altar of Cheibriados.
  6325 | D:8      | Reached ***** piety under Trog
  6819 | D:8      | Reached skill level 5 in Dodging
  7258 | D:9      | Reached XP level 10. HP: 86/86 MP: 9/9
  7433 | D:9      | Noticed Maurice
  8407 | D:9      | Killed Maurice
  8498 | D:9      | Noticed Joseph
  8509 | D:9      | Killed Joseph
  8574 | D:9      | Found a shattered altar of Ashenzari.
  8679 | D:10     | Entered Level 10 of the Dungeon
  8692 | D:10     | Reached skill level 10 in Dodging
  8976 | D:10     | Found a staircase to the Lair.
  8980 | D:10     | Reached skill level 1 in Shields
  9006 | D:10     | Killed an unseen horror
  9006 | D:10     | Reached skill level 5 in Shields
  9023 | D:10     | Reached XP level 11. HP: 48/92 MP: 10/10
  9342 | D:10     | Found Pymn's Weapon Boutique.
  9643 | D:10     | Found a staircase to the Orcish Mines.
  9729 | D:10     | Reached skill level 8 in Fighting
  9983 | Lair:1   | Entered Level 1 of the Lair of Beasts
 10051 | Lair:1   | Noticed an eight-headed hydra
 10062 | Lair:1   | Killed an eight-headed hydra
 10062 | Lair:1   | Reached skill level 1 in Slings
 10676 | Lair:1   | Reached skill level 9 in Fighting
 10697 | Lair:1   | Noticed Sonja
 10908 | Lair:1   | Reached skill level 10 in Maces & Flails
 11175 | Lair:2   | You fall through a shaft for 2 floors!
 11234 | Lair:4   | Found a frozen archway.
 11396 | Lair:2   | Reached skill level 10 in Fighting
 11428 | Lair:2   | Reached XP level 12. HP: 62/106 MP: 11/11
 11825 | Lair:2   | Found a staircase to the Snake Pit.
 12579 | Lair:2   | Reached skill level 11 in Fighting
 13166 | Lair:3   | Received a gift from Trog
 14114 | Lair:4   | Reached skill level 12 in Fighting
 14412 | Lair:4   | Reached skill level 13 in Fighting
 14419 | Lair:4   | Found a staircase to the Shoals.
 15177 | Lair:5   | Found an iron altar of Okawaru.
 15293 | Lair:5   | Reached XP level 13. HP: 122/122 MP: 12/12
 15445 | Lair:5   | Received a gift from Trog
 15871 | Lair:5   | Reached skill level 14 in Fighting
 15928 | Lair:6   | Entered Level 6 of the Lair of Beasts
 16759 | Lair:6   | Reached skill level 15 in Fighting
 17011 | Lair:6   | Found a viscous altar of Jiyva.
 17011 | Lair:6   | Found a staircase to the Slime Pits.
 17568 | Lair:6   | Reached skill level 16 in Fighting
 17741 | Lair:6   | Reached XP level 14. HP: 114/137 MP: 13/13
 17928 | Lair:6   | Got a dazzling glaive
 17938 | Lair:6   | Identified the +3 glaive of Painful Death {antimagic, rElec Str+3} (You found it on level 6 of the Lair of Beasts)
 18292 | Snake:1  | Entered Level 1 of the Snake Pit
 18298 | Snake:1  | Reached skill level 15 in Maces & Flails
 18316 | Snake:1  | HP: 7/207 [black mamba (5)]
 18318 | Snake:1  | Slain by a black mamba

Skill      XL: |  1  2  3  4  5  6  7  8  9 10 11 12 13 14 |
---------------+-------------------------------------------+-----
Fighting       | 4 5 6 7 10 13 16 | 16.7
Axes           | 4 5 6 |  6.0
Armour         | 3 8 11 | 11.6
Dodging        | 3 5 10 | 10.0
Polearms       | 2 |  2.1
Maces & Flails | 2 6 7 10 13 14 15 | 15.0
Shields        | 6 7 |  7.1
Slings         | 3 |  3.9
Stealth        | |  0.1

Action                   |  1- 3 |  4- 6 |  7- 9 | 10-12 | 13-15 || total
-------------------------+-------+-------+-------+-------+-------++-------
Melee: Hand axe          |    98 |    90 |       |       |       ||   188
       Headbutt          |    12 |    21 |    55 |   165 |   101 ||   354
       Trident           |       |    16 |       |       |       ||    16
       Mace              |       |     9 |   294 |   723 |   328 ||  1354
 Fire: Hunting sling     |       |       |       |    10 |     7 ||    17
Invok: Berserk           |     1 |     2 |     4 |    14 |     8 ||    29
       Trog's Hand       |       |     1 |     2 |     6 |     6 ||    15
       Burn Spellbooks   |       |       |     1 |     1 |     1 ||     3
       Brothers in Arms  |       |       |     1 |     3 |     3 ||     7
  Use: Scroll            |       |     8 |     6 |     8 |     3 ||    25
       Potion            |       |       |       |     6 |     1 ||     7
 Stab: Petrified         |       |       |       |       |     8 ||     8
  Eat: Ration            |     1 |     2 |     5 |     9 |     5 ||    22
       Chunk             |       |       |     3 |    13 |     4 ||    20
Armor: Animal skin       |     7 |       |       |       |       ||     7
       Leather armour    |    23 |    23 |       |       |       ||    46
       Chain mail        |       |    10 |   168 |   274 |   139 ||   591
Dodge: Dodged            |    77 |    65 |   135 |   431 |   207 ||   915
Block: Buckler           |       |     3 |    36 |   145 |    88 ||   272
